 Dungeon Crawl Stone Soup version 0.21.1-1-g345015fe64 (webtiles) character file.

147 Gargoyl the Skirmisher (level 5, 0/42 HPs)
             Began as a Centaur Abyssal Knight on Apr 27, 2018.
             Was a Follower of Lugonu.
             Killed from afar by a dart slug (3 damage)
             ... with a slug dart
             ... on level 1 of the Dungeon.
             The game lasted 00:03:10 (1044 turns).

Gargoyl the Skirmisher (Centaur Abyssal Knight)     Turns: 1044, Time: 00:03:11

Health: 0/42       AC:  5    Str: 14    XL:     5   Next: 7%
Magic:  6/6        EV:  8    Int: 11    God:    Lugonu [*.....]
Gold:   109        SH:  0    Dex: 10    Spells: 4/4 levels left

rFire    . . .     SeeInvis .   e - +0 broad axe
rCold    . . .     Gourm    .   (no shield)
rNeg     . . .     Faith    .   i - +0 ring mail (curse)
rPois    .         Spirit   .   (no helmet)
rElec    .         Reflect  .   (no cloak)
rCorr    .         Harm     .   (no gloves)
MR       .....                  (no barding)
Stlth    ..........             (no amulet)
HPRegen  0.14/turn              (no ring)
MPRegen  0.10/turn              (no ring)

@: very quick
A: large, hooves 3, deformed body, speed 2, frail 1, tough skin 3
a: Depart the Abyss, Renounce Religion


You were on level 1 of the Dungeon.
You worshipped Lugonu.
Lugonu was aware of your devotion.
You were not hungry.

You visited 1 branch of the dungeon, and saw 1 of its levels.
You visited the Abyss 1 time.

You collected 109 gold pieces.

Inventory:

Hand Weapons
 a - a +1 hand axe
 e - a +0 broad axe (weapon)
Armour
 b - a +0 leather armour
 i - a cursed +0 ring mail (worn)
Scrolls
 d - a scroll of magic mapping
 f - a scroll of teleportation {unknown}
 g - a scroll of remove curse {unknown}
 h - a scroll of noise {unknown}
Comestibles
 c - 2 rations
 j - 2 chunks of flesh


   Skills:
 + Level 4.6 Fighting
 + Level 2.3 Axes
 * Level 2.1 Armour
 + Level 0.8 Dodging
 * Level 2.5 Invocations


You had 4 spell levels left.
You didn't know any spells.

Dungeon Overview and Level Annotations

Branches:
Dungeon (1/15)

Altars:


Innate Abilities, Weirdness & Mutations

You have hooves in place of feet.
Armour fits poorly on your strangely shaped body.
You cover ground very quickly.
You have extremely tough skin. (AC +3)
You are frail. (-10% HP)


Message History

* * * LOW HITPOINT WARNING * * *
You hit the leopard gecko. Your kick misses the leopard gecko.
The leopard gecko is heavily wounded.
The leopard gecko bites you.
* * * LOW HITPOINT WARNING * * *
The leopard gecko bites you.
* * * LOW HITPOINT WARNING * * *
You completely miss the leopard gecko.
The leopard gecko is heavily wounded.
The leopard gecko barely misses you. The leopard gecko closely misses you.
You barely miss the leopard gecko.
You kill the leopard gecko!
Lugonu accepts your kill.
You see here a leopard gecko corpse.
Found a scroll labeled MUHONG YSODGH.
Found 27 arrows.
A dart slug comes into view.
The dart slug launches a dart at you. The slug dart hits you!
You die...

#......#
#..###.
###......#
#..#<'.
.........#
#..###.
#........†.#
#.⌠...⌠
#.........##
#......
#.........#
##..###
#.........#
#.#
#.........#
#(.
.......@#
#.#
........#
........#
......?..
.......(.
..####....
.. #....
#...w.


You could see a dart slug.

Vanquished Creatures
  A leopard gecko (D:1)
  5 goblins (D:1)
  4 hobgoblins (D:1)
  2 jackals (D:1)
  3 bats (D:1)
  A frilled lizard (D:1)
  3 kobolds (D:1)
19 creatures vanquished.

Vanquished Creatures (collateral kills)
  2 small abominations (Abyss:2)
  A white imp (Abyss:2)
3 creatures vanquished.

Grand Total: 22 creatures vanquished

Notes
Turn   | Place    | Note
-------+----------+-------------------------------------------
     0 | Abyss:1  | Gargoyl the Centaur Abyssal Knight began the quest for the Orb.
     0 | Abyss:1  | Reached XP level 1. HP: 19/19 MP: 2/2
    60 | Abyss:2  | Noticed a neqoxec
    63 | Abyss:2  | Noticed a small abomination
   116 | Abyss:2  | Noticed a quasit
   116 | Abyss:2  | Noticed an iron imp
   122 | Abyss:2  | Noticed a small abomination
   141 | Abyss:2  | Noticed an iron imp
   142 | Abyss:2  | Killed a small abomination
   142 | Abyss:2  | Reached skill level 4 in Fighting
   142 | Abyss:2  | Reached XP level 2. HP: 7/27 MP: 3/3
   142 | Abyss:2  | Reached XP level 3. HP: 9/33 MP: 4/4
   142 | Abyss:2  | Reached XP level 4. HP: 10/40 MP: 5/5
   147 | Abyss:2  | Killed a small abomination
   155 | Abyss:2  | Gained mutation: You are frail. (-10% HP) [a neqoxec]
   157 | Abyss:2  | Noticed a bone dragon
   160 | D:1      | Escaped the Abyss
   828 | D:1      | Reached XP level 5. HP: 33/42 MP: 6/6
   835 | D:1      | Reached * piety under Lugonu
  1036 | D:1      | HP: 2/42 [leopard gecko (2)]
  1044 | D:1      | Killed from afar by a dart slug

Skill      XL: |  1 |
---------------+----+-----
Fighting       | 4 |  4.6
Axes           | 2 |  2.3
Armour         | 2 |  2.1
Dodging        | |  0.8
Invocations    | |  2.5

Action                   |  1- 3 |  4- 6 || total
-------------------------+-------+-------++-------
Melee: Broad axe         |       |    69 ||    69
       Kick              |       |     7 ||     7
       Hand axe          |       |     1 ||     1
Invok: Depart the Abyss  |       |     1 ||     1
  Use: Scroll            |     2 |       ||     2
Armor: Leather armour    |       |    37 ||    37
       Ring mail         |       |    10 ||    10
Dodge: Dodged            |     1 |    52 ||    53
